Map: Hard Lead LE

Players

A.I. 1 (Very Easy)

  • Race: Protoss Protoss
  • Spawn Location: 5:00

Subwayeatn - Winner!

  • Race: Zerg Zerg
  • League: Platinum
  • Spawn Location: 11:00

VOD

Have the link to the VOD?

Description

Time

  • Played on: Nov. 3, 2023, 11:12 a.m.
  • Length: 28:20
Show
View Real Time Build Order
Export as new Build Order

A.I. 1 (Very Easy) Protoss 

Build Orders: 1 Gate Expand, Nexus First 

Get SALT Encoding   

  12  0:00  Probe  
  13  0:13  Probe  
  14  0:19  Pylon  
  14  0:42  Gateway  
  14  1:01  Nexus  
  14  1:20  Zealot, Pylon  
  14  1:23  Assimilator  
  16  1:34  Cybernetics Core  
  16  1:36  Probe  
  17  1:49  Probe  
  18  1:58  Assimilator  
  18  1:59  Probe  
  18  2:07  Probe  
  19  2:10  Stalker  
  19  2:14  Probe  
  22  2:16  Warp Gate  
  22  2:21  Probe  
  23  2:26  Probe  
  25  2:37  Probe  
  26  2:46  Probe  
  26  2:49  Pylon  
  27  2:53  Probe  
  28  3:00  Probe  
  29  3:07  Probe  
  29  3:09  Assimilator  
  29  3:11  Robotics Facility, Probe  
  31  3:21  Zealot  
  31  3:22  Probe  
  34  3:28  Probe  
  35  3:36  Probe  
  36  3:43  Probe  
  37  3:50  Probe  
  38  3:57  Observer, Probe  
  40  4:05  Probe  
  40  4:09  Assimilator  
  41  4:12  Observer, Probe  
  41  4:16  Probe  
  44  4:26  Probe  
  44  4:29  Probe  
  44  4:30  Pylon  
  45  4:32  Sentry  
  48  4:40  Probe  
  49  4:48  Probe  
  50  6:09  Sentry  
  42  7:20  Stalker  
  42  7:21  Probe  
  44  7:24  Pylon  
  44  7:29  Probe  
  38  7:35  Probe  
  30  7:43  Probe  
  30  7:48  Stalker  
  30  7:50  Probe  
  33  7:57  Probe  
  33  8:08  Immortal, Probe  
  34  8:15  Probe  
  39  8:22  Probe  
  40  8:29  Probe  
  41  8:37  Probe  
  42  8:44  Probe  
  43  8:51  Probe  
  44  8:58  Probe  
  45  9:05  Probe  
  46  9:12  Probe  
  47  9:20  Probe  
  48  9:27  Sentry  
  50  10:26  Warp Prism  
  50  10:31  Zealot  
  50  10:33  Gateway  
  54  10:35  Robotics Bay  
  54  10:37  Stargate  
  52  10:56  Stalker  
  48  10:57  Observer  
  48  11:13  Warp Prism  
  48  11:15  Gravitic Boosters  
  50  11:21  Sentry  
  50  11:24  Gateway  
  52  11:44  Observer  
  52  11:46  Stalker  
  55  12:05  Gravitic Drive  
  55  12:12  Nexus  
  55  13:36  Assimilator  
  55  13:39  Assimilator  
  55  13:45  Observer  
  55  14:26  Zealot  
  57  14:40  Zealot  
  57  14:44  Observer  
  50  14:54  Zealot  
  50  14:58  Observer  
  53  15:07  Stalker  
  55  15:21  Zealot  
  57  15:35  Stalker  
  59  15:48  Sentry  
  61  16:02  Stalker  
  63  16:06  Observer  
  63  18:02  Observer  
  63  18:03  Stalker  
  49  18:17  Stalker  
  50  18:35  Probe  
  41  18:41  Zealot  
  41  18:45  Probe  
  41  18:47  Assimilator  
  36  18:50  Probe  
  28  18:57  Probe  
  25  19:05  Sentry  
  25  19:08  Probe  
  28  19:11  Probe  
  29  19:22  Probe  
  30  19:28  Zealot  
  30  19:30  Probe  
  32  19:37  Probe  
  32  19:44  Immortal  
  32  19:45  Probe  
  30  19:52  Probe  
  33  20:06  Probe  
  30  20:18  Probe  
  30  20:22  Immortal  
  32  20:30  Probe  
  33  20:42  Probe  
  32  20:48  Stalker  
  33  20:54  Probe  
  33  21:06  Probe  
  33  21:16  Observer  
  32  21:19  Probe  
  31  21:31  Probe  
  32  21:37  Observer  
  32  21:41  Stalker  
  32  21:43  Probe  
  26  21:55  Probe  
  24  22:05  Probe, Stalker  
  27  22:13  Probe  
  26  22:21  Probe  
  27  22:23  Observer  
  26  22:30  Adept  
  26  22:33  Probe  
  15  22:44  Observer  
  15  22:45  Probe  
  15  22:47  Phoenix  
  17  22:58  Probe  
  17  23:04  Zealot  
  14  23:21  Pylon  
  14  23:22  Adept  
  13  23:31  Nexus  
  12  23:39  Adept  
  11  23:43  Pylon  
  3  23:56  Adept  
    24:13  Adept  
Show
View Real Time Build Order
Export as new Build Order

Subwayeatn Zerg - Winner!

Build Orders: Hatch First 

Get SALT Encoding   

  12  0:00  Drone  
  13  0:12  Overlord  
  13  0:18  Drone  
  14  0:31  Drone x2  
  16  0:49  Hatchery  
  15  0:53  Drone  
  15  0:56  Drone  
  17  0:59  Extractor  
  17  1:01  Drone  
  17  1:11  Drone  
  18  1:28  Spawning Pool  
  18  1:31  Drone x2  
  19  1:39  Drone  
  20  1:49  Hatchery  
  19  1:57  Drone  
  20  2:15  Queen  
  22  2:30  Drone x3  
  22  2:31  Queen  
  27  2:37  Overlord  
  27  2:43  Metabolic Boost  
  27  2:49  Zergling x2  
  28  3:16  Queen  
  28  3:17  Queen  
  28  3:19  Overlord  
  32  3:30  Drone x7  
  32  3:31  Overlord  
  39  3:52  Queen  
  41  4:03  Drone x11  
  52  4:15  Overlord  
  52  4:40  Drone  
  52  4:41  Extractor, Drone x4  
  52  4:43  Drone x3  
  52  4:45  Drone x6  
  65  4:48  Lair  
  65  4:53  Drone  
  65  4:57  Overlord  
  66  5:10  Evolution Chamber  
  66  5:11  Drone  
  66  5:15  Overlord  
  66  5:16  Overlord  
  66  5:20  Drone  
  67  5:23  Drone  
  67  5:24  Drone  
  69  5:29  Zergling x2  
  69  5:30  Zergling x8  
  73  5:52  Drone x2  
  73  5:55  Extractor  
  73  5:56  Extractor, Drone x2  
  75  5:59  Extractor  
  75  6:01  Extractor  
  75  6:02  Drone x3  
  76  6:08  Baneling Nest  
  75  6:11  Hydralisk Den  
  75  6:13  Drone x2  
  75  6:14  Drone x4  
  80  6:25  Drone x2  
  80  6:26  Drone  
  80  6:27  Overlord  
  80  6:32  Overlord  
  81  6:36  Hatchery  
  81  6:37  Extractor  
  79  6:40  Extractor  
  78  6:56  Drone x3  
  78  6:58  Overseer  
  78  7:00  Overseer  
  81  7:02  Overseer  
  81  7:04  Grooved Spines  
  81  7:05  Centrifugal Hooks  
  81  7:07  Drone  
  82  7:13  Drone x2  
  82  7:14  Drone x10  
  94  7:19  Overlord x2  
  92  7:47  Overseer  
  92  7:54  Muscular Augments  
  92  7:56  Queen, Evolution Chamber x2  
  92  7:57  Drone  
  92  7:58  Drone  
  92  7:59  Drone x2  
  92  8:00  Drone x3  
  92  8:01  Drone x3  
  101  8:07  Drone  
  102  8:16  Infestation Pit  
  101  8:23  Overlord x3  
  101  8:26  Overseer  
  101  8:30  Zerg Missile Weapons Level 1, Hatchery  
  101  8:31  Zerg Melee Weapons Level 1, Zerg Ground Armor Level 1  
  100  9:02  Overseer x2  
  100  9:07  Drone x3  
  103  9:31  Drone x2  
  105  9:47  Extractor x2, Hatchery  
  102  9:56  Queen  
  102  9:59  Extractor  
  103  10:05  Extractor  
  102  10:08  Drone  
  102  10:09  Drone x4  
  102  10:10  Drone  
  102  10:11  Overlord  
  108  10:19  Hive  
  108  10:24  Zergling x2  
  108  10:25  Zergling x12  
  115  10:35  Hydralisk  
  115  10:36  Hydralisk x6  
  127  11:10  Queen  
  129  11:17  Zerg Melee Weapons Level 2, Zerg Missile Weapons Level 2  
  129  11:18  Zerg Ground Armor Level 2  
  129  11:41  Adrenal Glands  
  129  11:43  Viper x2  
  129  11:44  Viper  
  129  11:45  Viper x2  
  144  11:55  Overlord x2  
  144  12:00  Overlord x2  
  144  12:52  Ultralisk Cavern  
  144  12:53  Spire  
  144  12:54  Drone x2  
  144  12:55  Drone x2, Spire  
  144  12:56  Drone  
  146  13:13  Overlord x2  
  146  13:19  Pneumatized Carapace  
  146  13:22  Burrow  
  146  13:27  Hatchery  
  145  13:29  Extractor x2  
  143  13:57  Ultralisk x4  
  143  13:59  Hydralisk  
  143  14:00  Hydralisk x2  
  143  14:02  Zergling x12  
  179  14:03  Zergling x14  
  179  14:04  Zergling x2  
  179  14:05  Baneling  
  179  14:06  Baneling x10  
  187  14:10  Corruptor x6  
  199  14:18  Greater Spire  
  199  14:21  Zerg Flyer Weapons Level 1  
  199  15:24  Chitinous Plating  
  199  16:22  Zerg Flyer Weapons Level 2  
  199  16:24  Zerg Flyer Armor Level 1  
  199  16:34  Lurker Den  
  199  16:38  Spine Crawler  
  199  16:39  Spine Crawler x2  
  195  16:40  Spine Crawler  
  195  16:43  Spore Crawler, Anabolic Synthesis  
  195  16:46  Spore Crawler x2  
  191  16:58  Spore Crawler  
  190  17:06  Spine Crawler  
  189  17:11  Brood Lord x3  
  189  17:12  Brood Lord x2  
  197  18:57  Zerg Flyer Weapons Level 3  
  197  18:58  Zerg Flyer Armor Level 2  
  194  19:46  Corruptor x3  
  178  24:24  Zergling x2  
  178  24:25  Zergling x10  
  184  26:08  Baneling x12  
  184  26:09  Baneling  
Tags
 
Add a new tag
Caveats
  • Supply blocks, unpowered buildings, or Contaminate may cause inaccurate times.
  • Supply counts are checked every 10 seconds.